 Dungeon Crawl Stone Soup version 0.32-a0-292-g751ec8d2e7 (webtiles) character file.

Game seed: 15667868290770781652

13823 Snipperlap the Protected (level 12, 0/141 HPs)
             Began as a Gnoll Wanderer on Feb 14, 2024.
             Was an Initiate of Gozag.
             Succumbed to a +1 morningstar of chaos's poison
             ... on level 2 of the Lair of Beasts.
             The game lasted 01:14:06 (14942 turns).

Snipperlap the Protected (Gnoll Wanderer)          Turns: 14942, Time: 01:14:06

Health: 0/141      AC: 26    Str: 13    XL:     12   Next: 10%
Magic:  22/22      EV:  2    Int:  9    God:    Gozag
Gold:   1503       SH: 16    Dex: 18    Spells: 25/25 levels left

rFire   . . .        U - +3 scimitar (freeze)
rCold   + . .        F - +0 tower shield
rNeg    . . .        b - melded +0 chain mail
rPois   +            f - melded +0 helmet
rElec   .            I - melded +0 cloak
rCorr   .            T - melded +0 pair of gloves of Lies {Str+3 Dex+2}
SInv    .            S - melded +0 pair of boots
Will    +....        (no amulet)
Stlth   ++++         P - ring of protection from cold
HPRegen 0.43/turn    n - +5 ring of evasion
MPRegen 0.18/turn

%: no passive effects
@: lethally poisoned (0 -> -2), tree-form, enlightened
A: stationary, stasis, torment immunity, boosted hp, (fangs 1), strong nose,
distributed training
a: Renounce Religion, Potion Petition, Call Merchant, Bribe Branch


You were on level 2 of the Lair of Beasts.
You worshipped Gozag.
Gozag was most pleased with you.
You were a tree.
You visited 3 branches of the dungeon, and saw 11 of its levels.

You collected 1648 gold pieces.
You spent 56 gold pieces at shops.
You paid 89 gold pieces to Gozag.

Inventory:

Hand Weapons
 p - a +2 short sword of venom
 x - a +5 great sword of freezing
 L - the +4 halberd of Sunlight {flame, rF+ rCorr}
   (You found it on level 5 of the Dungeon)

   rF+:       It protects you from fire.
   rCorr:     It protects you from acid and corrosion.
 U - a +3 scimitar of freezing (weapon)
Missiles
 g - 77 stones
 u - 8 poisoned darts
 C - 2 boomerangs
 H - a throwing net
 J - 5 silver javelins
 O - a curare-tipped dart
 Q - a javelin (quivered)
Armour
 b - a +0 chain mail (melded)
 f - a +0 helmet (melded)
 F - a +0 tower shield (worn)
 I - a +0 cloak (melded)
 S - a +0 pair of boots (melded)
 T - the +0 pair of gloves of Lies (melded) {Str+3 Dex+2}
   (You found it on level 8 of the Dungeon)

   Str+3:     It affects your strength (+3).
   Dex+2:     It affects your dexterity (+2).
 Z - a scarf of invisibility
Magical Staves
 k - a staff of conjuration
 s - a staff of death
Jewellery
 e - a +6 ring of intelligence
 n - a +5 ring of evasion (right branch)
 r - a ring of fire
 P - a ring of protection from cold (left branch)
Talismans
 D - a blade talisman
 K - a serpent talisman
Wands
 a - a wand of light (4)
 c - a wand of charming (5)
 N - a wand of iceblast (7)
Scrolls
 h - a scroll of noise {unknown}
 i - 3 scrolls of immolation {unknown}
 m - 3 scrolls of summoning {unknown}
 t - a scroll of blinking {unknown}
 v - 4 scrolls of amnesia
 w - 4 scrolls of enchant weapon
 E - 2 scrolls of poison {unknown}
 M - 2 scrolls of fear
 R - a scroll of brand weapon {unknown}
 W - a scroll of fog {unknown}
Potions
 j - 2 potions of brilliance
 l - 3 potions of invisibility
 o - a potion of experience {unknown}
 z - 4 potions of might
 A - 3 potions of berserk rage
 G - 2 potions of lignification
 V - a potion of degeneration {unknown}
 Y - a potion of mutation {unknown}
Miscellaneous
 d - a sack of spiders (inert)
 y - a phial of floods


   Skills:
 + Level 8.6 Fighting
 + Level 7.2 Short Blades
 + Level 7.2 Long Blades
 + Level 7.2 Axes
 + Level 7.2 Maces & Flails
 + Level 7.2 Polearms
 + Level 7.7 Staves
 + Level 7.2 Ranged Weapons
 + Level 7.2 Throwing
 + Level 11.1 Armour
 + Level 7.7 Dodging
 + Level 7.6 Stealth
 + Level 7.2 Shields
 + Level 7.2 Unarmed Combat
 + Level 7.2 Spellcasting
 + Level 6.0 Conjurations
 + Level 6.0 Hexes
 + Level 6.0 Summonings
 + Level 6.0 Necromancy
 + Level 6.0 Translocations
 + Level 6.0 Fire Magic
 + Level 6.0 Ice Magic
 + Level 6.0 Air Magic
 + Level 6.0 Earth Magic
 + Level 6.0 Alchemy
 + Level 7.9 Invocations
 + Level 7.7 Evocations
 + Level 6.5 Shapeshifting


You had 25 spell levels left.
You didn't know any spells.
Your spell library contained the following spells:

 Spells                   Type           Power      Damage    Failure   Level
 Freeze                   Ice            56%        1d7       19%         1
 Sandblast                Erth           28%        2d8       19%         1
 Slow                     Hex            56%        N/A       19%         1
 Blink                    Tloc           28%        N/A       26%         2
 Ensorcelled Hibernation  Hex/Ice        28%        N/A       26%         2
 Lesser Beckoning         Tloc           28%        N/A       26%         2
 Momentum Strike          Conj/Tloc      28%        3d8       26%         2
 Confusing Touch          Hex            14%        N/A       47%         3
 Dazzling Flash           Conj/Hex       28%        N/A       47%         3
 Frozen Ramparts          Ice            28%        1d5       47%         3
 Fugue of the Fallen      Necr           14%        N/A       47%         3
 Hailstorm                Conj/Ice       14%        3d6       47%         3
 Mephitic Cloud           Conj/Alch/Air  14%        N/A       47%         3
 Passwall                 Erth           14%        N/A       47%         3
 Sigil of Binding         Hex            14%        N/A       47%         3
 Stone Arrow              Conj/Erth      28%        3d8       47%         3
 Vampiric Draining        Necr           14%        2d7       47%         3
 Anguish                  Hex/Necr       7%         N/A       87%         4
 Brom's Barrelling Bould  Conj/Erth      14%        2d4       87%         4
 Curse of Agony           Necr           14%        N/A       99%         5
 Silence                  Hex/Air        7%         N/A       99%         5


Dungeon Overview and Level Annotations

Branches:
Dungeon (8/15)             Temple (1/1) D:4            Lair (2/5) D:8
  Swamp: Lair:2-3    Shoals: Lair:2-3     Snake: Lair:2-3    Spider: Lair:2-3

Altars:
Ashenzari
Cheibriados
Dithmenos
Elyvilon
Fedhas
Gozag
Hepliaklqana
Kikubaaqudgha
Makhleb
Nemelex Xobeh
Qazlal
Ru
Sif Muna
Trog
Uskayaw
Vehumet
Wu Jian
Xom
Zin
The Shining One

Shops:
D:3 *   D:4 *   D:7 (

Annotations:
Lair:2 hitsuchi's ghost, journeyman TeSu


Innate Abilities, Weirdness & Mutations

You are a tree.
Your roots penetrate the ground, keeping you stationary.
You cannot be teleported.
You are immune to unholy pain and torment.
Your maximum health is greatly increased.
Your equipment is partially melded.
((You have very sharp teeth.))
Your uncanny sense of smell can sniff out nearby items.
Your experience applies equally to all skills.


Message History

You hit the +1 morningstar of chaos but do no damage.
The +1 morningstar of chaos is severely damaged.
You feel sick.
Your redback closely misses hitsuchi's ghost.
You block the +1 morningstar of chaos's attack.
Your scorpion stings the lightning spire but does no damage.
The lightning spire shoots out a bolt of lightning at you!
The bolt of electricity hits your redback!
The bolt of electricity hits the +1 morningstar of chaos.
The +1 morningstar of chaos completely resists.
The bolt of electricity hits you!!
The cerulean imp hits you but does no damage.
Your redback bites the lightning spire but does no damage.
Your scorpion stings the lightning spire.
You block hitsuchi's ghost's attack.
The lightning spire shoots out a bolt of lightning at you!
The bolt of electricity hits your redback!!
Your redback dies!
Your redback's corpse disappears in a puff of smoke!
The bolt of electricity hits the +1 morningstar of chaos.
The +1 morningstar of chaos completely resists.
The bolt of electricity hits you!
* * * LOW HITPOINT WARNING * * *
You cannot move.
Aim the phial where?
Press: ? - help, Shift-Dir - straight line, f/p - hitsuchi's ghost
Aim: hitsuchi's ghost, wielding a vampiric weapon (lightly damaged, 22% to hit)
Okay, then.
You slash hitsuchi's ghost! You freeze hitsuchi's ghost.
Hitsuchi's ghost is moderately damaged.
You feel sick. You block the cerulean imp's attack.
Your scorpion stings the lightning spire but does no damage.
The lightning spire shoots out a bolt of lightning at you!
The bolt of electricity hits you!!
* * * LOW HITPOINT WARNING * * *
Hitsuchi's ghost hits you but does no damage.
You block the cerulean imp's attack.
It was a potion of enlightenment.
Your roots keep you in place.
You die...
Your body crumbles into a pile of gold.

##.......###......#........#..
#........##..P...#.....#.#....
##.......'..###.....#.######..
#........### ###..+### #...
#..#..#.## ####(...# #..P
##....### #.#.Is..# ####.
###...#.### #..(....# ##.##.
#.........# ##..##'######.....
#.........###♣W5#!_=#'..#.....
#.........#.....##.##.#.......
##............##..###.##.+.....
#..........'.###......####.....
##.........##.#..####.# #......
#..####'##.###### ### ##.....
######..#.## #..... #...###
##P### ##..## #####


You could see a lightning spire (summoned, ally target), a +1 morningstar of
chaos (distracted), hitsuchi's ghost, a cerulean imp (summoned) and a friendly
scorpion (summoned).

Vanquished Creatures
  A two-headed ogre (D:8)
  An ugly thing (D:8)
  A torpor snail (Lair:2)
  5 black mambas
  2 cane toads
  3 komodo dragons
  3 blink frogs (Lair:1)
  A wraith (D:7)
  10 yaks
  A wyvern (Lair:1)
  2 basilisks
  2 steam dragons (D:6)
  9 water moccasins
  2 sky beasts
  7 black bears
  An orc warrior (D:6)
  2 ogres
  5 wolves (Lair:2)
  8 phantoms
  2 kobold brigands
  6 bullfrogs
  8 scorpions
  9 wights
  14 killer bees
  2 howler monkeys
  2 bombardier beetles
  4 centaur zombies (D:7)
  4 hounds
  4 orc priests
  8 sleepcaps
  2 iguanas
  5 scorpion zombies (D:7)
  7 orc wizards
  Natasha (twice) (D:3)
  5 killer bee zombies (D:7)
  Robin (D:2)
  A gnoll (D:1)
  11 adders
  6 shadow imps (D:7)
  3 white imps (D:7)
  A ribbon worm (D:3)
  27 orcs
  7 ball pythons
  7 endoplasms
  2 giant cockroaches
  26 goblins
  6 hobgoblins
  15 kobolds
  7 quokkas
  8 bats
  7 frilled lizards
  3 rats
288 creatures vanquished.

Vanquished Creatures (others)
  2 orcs (D:6)
  A kobold (D:7)
3 creatures vanquished.

Grand Total: 291 creatures vanquished

Notes
Turn   | Place    | Note
-------+----------+-------------------------------------------
     0 | D:1      | Snipperlap the Gnoll Wanderer began the quest for the Orb.
     0 | D:1      | Snipperlap set off with the following items: a +1
                  | quarterstaff, a +0 chain mail, a potion of curing.
     0 | D:1      | Reached XP level 1. HP: 20/20 MP: 1/1
   122 | D:1      | Reached XP level 2. HP: 19/26 MP: 2/2
   233 | D:1      | Reached XP level 3. HP: 28/31 MP: 3/3
   314 | D:1      | Reached skill level 1 in Invocations
   430 | D:1      | Reached skill level 1 in Short Blades
   430 | D:1      | Reached skill level 1 in Long Blades
   430 | D:1      | Reached skill level 1 in Axes
   430 | D:1      | Reached skill level 1 in Maces & Flails
   430 | D:1      | Reached skill level 1 in Polearms
   430 | D:1      | Reached skill level 1 in Ranged Weapons
   430 | D:1      | Reached skill level 1 in Throwing
   430 | D:1      | Reached skill level 1 in Shields
   430 | D:1      | Reached skill level 1 in Unarmed Combat
   430 | D:1      | Reached skill level 1 in Spellcasting
   684 | D:1      | Reached skill level 1 in Shapeshifting
   684 | D:1      | Reached XP level 4. HP: 37/37 MP: 5/5
  1348 | D:2      | Noticed Robin
  1373 | D:2      | Reached skill level 1 in Conjurations
  1373 | D:2      | Reached skill level 1 in Hexes
  1373 | D:2      | Reached skill level 1 in Summonings
  1373 | D:2      | Reached skill level 1 in Necromancy
  1373 | D:2      | Reached skill level 1 in Translocations
  1373 | D:2      | Reached skill level 1 in Fire Magic
  1373 | D:2      | Reached skill level 1 in Ice Magic
  1373 | D:2      | Reached skill level 1 in Air Magic
  1373 | D:2      | Reached skill level 1 in Earth Magic
  1373 | D:2      | Reached skill level 1 in Alchemy
  1394 | D:2      | Killed Robin
  1619 | D:2      | Reached XP level 5. HP: 43/43 MP: 7/7
  2048 | D:3      | Found Uzuorosk's General Store.
  2060 | D:3      | Bought 2 scrolls of identify for 56 gold pieces
  2071 | D:3      | Found an ancient bone altar of Kikubaaqudgha.
  2140 | D:3      | Reached XP level 6. HP: 45/50 MP: 8/8
  2301 | D:3      | Reached skill level 5 in Fighting
  2409 | D:3      | Noticed Natasha
  2414 | D:3      | Killed Natasha
  2435 | D:3      | Noticed Natasha
  2446 | D:3      | Killed Natasha
  2607 | D:3      | Found a faded altar of an unknown god.
  2962 | D:4      | Reached XP level 7. HP: 29/56 MP: 10/10
  3148 | D:4      | Reached skill level 9 in Armour
  3176 | D:4      | Found a staircase to the Ecumenical Temple.
  3185 | Temple   | Entered the Ecumenical Temple
  3931 | D:4      | Found Sanudd's Gadget Gallery.
  4101 | D:5      | Entered Level 5 of the Dungeon
  4133 | D:6      | Reached XP level 8. HP: 47/63 MP: 12/12
  4877 | D:6      | Reached XP level 9. HP: 52/69 MP: 14/14
  5628 | D:6      | Found a broken altar of Ashenzari.
  5629 | D:6      | Found a shimmering altar of Xom.
  5639 | D:6      | Found a shimmering blue altar of Sif Muna.
  5651 | D:6      | Found an opulent altar of Gozag.
  5663 | D:6      | Became a worshipper of Gozag Ym Sagoz the Greedy
  5753 | D:6      | Reached skill level 5 in Staves
  5753 | D:6      | Reached skill level 5 in Dodging
  5753 | D:6      | Reached skill level 5 in Evocations
  5993 | D:5      | Reached skill level 5 in Stealth
  6641 | D:5      | Reached skill level 5 in Invocations
  6852 | D:5      | Identified the +4 halberd of Sunlight {flame, rF+ rCorr}
  7633 | D:7      | Reached skill level 5 in Short Blades
  7633 | D:7      | Reached skill level 5 in Long Blades
  7633 | D:7      | Reached skill level 5 in Axes
  7633 | D:7      | Reached skill level 5 in Maces & Flails
  7633 | D:7      | Reached skill level 5 in Polearms
  7633 | D:7      | Reached skill level 5 in Ranged Weapons
  7633 | D:7      | Reached skill level 5 in Throwing
  7633 | D:7      | Reached skill level 5 in Shields
  7633 | D:7      | Reached skill level 5 in Unarmed Combat
  7633 | D:7      | Reached skill level 5 in Spellcasting
  7633 | D:7      | Reached XP level 10. HP: 62/77 MP: 17/17
  7778 | D:7      | Reached skill level 10 in Armour
  8273 | D:7      | Found Haevon's Antique Weapon Boutique.
  8349 | D:7      | You fall into a shaft and drop 1 floor!
  8392 | D:8      | Noticed a two-headed ogre
  8400 | D:8      | Killed a two-headed ogre
  8592 | D:8      | Found a white marble altar of Elyvilon.
  8592 | D:8      | Found a glowing silver altar of Zin.
  8654 | D:8      | Identified the +0 pair of gloves of Lies {Str+3 Dex+2}
  8678 | D:8      | Reached skill level 5 in Shapeshifting
  8922 | D:8      | Found a staircase to the Lair.
  9050 | D:8      | Noticed a white ugly thing
  9066 | D:8      | Killed a white ugly thing
 10210 | D:7      | Reached skill level 5 in Conjurations
 10210 | D:7      | Reached skill level 5 in Hexes
 10210 | D:7      | Reached skill level 5 in Summonings
 10210 | D:7      | Reached skill level 5 in Necromancy
 10210 | D:7      | Reached skill level 5 in Translocations
 10210 | D:7      | Reached skill level 5 in Fire Magic
 10210 | D:7      | Reached skill level 5 in Ice Magic
 10210 | D:7      | Reached skill level 5 in Air Magic
 10210 | D:7      | Reached skill level 5 in Earth Magic
 10210 | D:7      | Reached skill level 5 in Alchemy
 10216 | D:7      | Reached XP level 11. HP: 65/82 MP: 20/20
 11205 | Lair:1   | Entered Level 1 of the Lair of Beasts
 12009 | Lair:1   | Found a hazy altar of Hepliaklqana.
 12516 | Lair:1   | HP: 2/86 [black mamba (12)]
 13318 | Lair:2   | Reached skill level 11 in Armour
 13927 | Lair:2   | Reached XP level 12. HP: 94/94 MP: 22/22
 14376 | Lair:2   | Found a runed translucent door.
 14377 | Lair:2   | Found a shimmering altar of Xom.
 14377 | Lair:2   | Noticed hitsuchi's ghost (journeyman TeSu)
 14941 | Lair:2   | HP: 1/141 [lightning spire/bolt of electricity[hitsuchi's
                  | ghost] (30)]
 14942 | Lair:2   | Succumbed to a +1 morningstar of chaos's poison

Illustrated notes

Levels and vault maps discovered:
D:1:      kilobyte_arrival_exit_the_forest, layout_basic, minmay_domino_4
D:2:      layout_rooms, uniq_robin
D:3:      layout_basic, kiku_gazebo_garden_becter, serial_shops, shop,
          dilly_ecumenical_altar_fadedgnrine, uniq_natasha
D:4:      layout_basic, minmay_temple_entry_junction, nicolae_shop_gadgets
D:5:      layout_basic
D:6:      layout_cave_pools, minitemple
D:7:      bobbens_index_wilting_gardens, layout_loops_corners, serial_shops,
          nicolae_shop_trees, kennysheep_minor_cross
D:8:      layout_basic, amethyst_overflow_temple_binary,
          due_lair_maze_entry_diamond, nicolae_titane
Temple:   dshaligram_water_room_temple
Lair:1:   layout_long_grid, basic_altar
Lair:2:   layout_roguey, ebering_ghost_xom

Skill      XL: |  1  2  3  4  5  6  7  8  9 10 11 12 |
---------------+-------------------------------------+-----
Invocations    | 1 2 3 4 5 6 7 |  7.9
Short Blades   | 1 2 3 5 6 7 |  7.2
Long Blades    | 1 2 3 5 6 7 |  7.2
Axes           | 1 2 3 5 6 7 |  7.2
Maces & Flails | 1 2 3 5 6 7 |  7.2
Polearms       | 1 2 3 5 6 7 |  7.2
Ranged Weapons | 1 2 3 5 6 7 |  7.2
Throwing       | 1 2 3 5 6 7 |  7.2
Shields        | 1 2 3 5 6 7 |  7.2
Unarmed Combat | 1 2 3 5 6 7 |  7.2
Spellcasting   | 1 2 3 5 6 7 |  7.2
Shapeshifting  | 1 2 3 4 5 6 |  6.5
Conjurations   | 1 2 3 4 5 6 |  6.0
Hexes          | 1 2 3 4 5 6 |  6.0
Summonings     | 1 2 3 4 5 6 |  6.0
Necromancy     | 1 2 3 4 5 6 |  6.0
Translocations | 1 2 3 4 5 6 |  6.0
Fire Magic     | 1 2 3 4 5 6 |  6.0
Ice Magic      | 1 2 3 4 5 6 |  6.0
Air Magic      | 1 2 3 4 5 6 |  6.0
Earth Magic    | 1 2 3 4 5 6 |  6.0
Alchemy        | 1 2 3 4 5 6 |  6.0
Staves         | 3 4 5 6 7 |  7.7
Dodging        | 3 4 5 6 7 |  7.7
Evocations     | 3 4 5 6 7 |  7.7
Stealth        | 3 4 5 6 7 |  7.6
Fighting       | 5 6 7 8 |  8.6
Armour         | 9 10 11 | 11.1

Action                     |  1- 3 |  4- 6 |  7- 9 | 10-12 || total
---------------------------+-------+-------+-------+-------++-------
  Melee: Quarterstaff      |    36 |       |       |       ||    36
         Bite              |     4 |    15 |    61 |    70 ||   150
         Dagger            |    39 |     4 |       |       ||    43
         Short sword       |       |   197 |   472 |   108 ||   777
         Halberd           |       |       |       |   446 ||   446
         Scimitar          |       |       |       |    10 ||    10
  Throw: Dart              |       |    28 |    14 |    26 ||    68
         Stone             |       |       |    15 |       ||    15
         Boomerang         |       |       |     1 |    10 ||    11
         Javelin           |       |       |       |    20 ||    20
         Throwing net      |       |       |       |     2 ||     2
  Evoke: Wand              |       |       |    16 |     8 ||    24
         Sack of spiders   |       |       |       |     1 ||     1
    Use: Scroll            |     1 |     4 |     3 |     8 ||    16
         Potion            |       |       |     5 |     7 ||    12
   Stab: Distracted        |       |       |     1 |       ||     1
         Held in net/web   |       |       |       |     1 ||     1
 Armour: Chain mail        |    76 |   189 |   387 |   407 ||  1059
         Skin              |       |       |       |     7 ||     7
  Dodge: Dodged            |    30 |   147 |   201 |   534 ||   912
  Block: Tower shield      |       |       |   331 |    79 ||   410

Table legend: (Time is in decaauts)
 A = Elapsed time spent in this place.
 B = Non-inter-level travel time spent in this place.
 C = Inter-level travel time spent in this place.
 D = Time resting spent in this place.
 E = Time spent auto-exploring this place.
 F = Levels seen in this place.
 G = Mean time per level.
                   A        B        C        D        E       F      G
               +--------+--------+--------+--------+--------+-----+--------+
         Total |  15124 |  14677 |    447 |   4190 |   4940 |  11 | 1374.9 |
       Dungeon |  11191 |  10783 |    408 |   2548 |   4082 |   8 | 1398.9 |
        Temple |    155 |    155 |      0 |      0 |      0 |   1 |  155.0 |
          Lair |   3777 |   3738 |     39 |   1642 |    858 |   2 | 1888.5 |
               +--------+--------+--------+--------+--------+-----+--------+

Top non-repeatable levels by time:
     D:7: 2898 daAuts
  Lair:2: 1902 daAuts
  Lair:1: 1875 daAuts
     D:6: 1826 daAuts
     D:8: 1367 daAuts
     D:1: 1307 daAuts
     D:5: 1162 daAuts
     D:4: 1024 daAuts
     D:3: 946 daAuts
     D:2: 658 daAuts
  Temple: 155 daAuts
